 Dungeon Crawl Stone Soup version 0.26.1-16-g4e020e15dc (webtiles) character file.

Game seed: 8624071532090884957

5350 Froggeryz the Martial Artist (level 10, -3/76 HPs)
             Began as a Gnoll Transmuter on Mar 16, 2024.
             Was an Initiate of Gozag.
             Shot with an arrow by a centaur (13 damage)
             ... on level 10 of the Dungeon on Mar 17, 2024.
             The game lasted 00:10:53 (12088 turns).

Froggeryz the Martial Artist (Gnoll Transmuter)    Turns: 12088, Time: 00:10:54

Health: -3/76      AC:  2    Str: 14    XL:     10   Next: 65%
Magic:  21/21      EV: 27    Int: 17    God:    Gozag
Gold:   683        SH:  0    Dex: 21    Spells: 16/24 levels left

rFire    . . .     SeeInvis .     - Unarmed
rCold    . . .     Faith    .   (shield currently unavailable)
rNeg     . . .     Spirit   .   (armour currently unavailable)
rPois    .         Reflect  .   (helmet currently unavailable)
rElec    .         Harm     .   (cloak currently unavailable)
rCorr    .         Rampage  .   (gloves currently unavailable)
Will     +....                  (boots currently unavailable)
Stlth    +++.......             C - amulet of regeneration
HPRegen  0.62/turn              D - ring of willpower
MPRegen  0.17/turn              s - ring of poison resistance

@: spider-form (expiring), gold aura
A: tiny, distributed training, strong nose
a: End Transformation, Renounce Religion, Potion Petition, Call Merchant, Bribe
Branch


You were on level 10 of the Dungeon.
You worshipped Gozag.
Gozag was pleased with you.
You were a venomous arachnid creature.
You visited 2 branches of the dungeon, and saw 11 of its levels.

You collected 828 gold pieces.
You paid 145 gold pieces to Gozag.

Inventory:

Hand Weapons
 m - a +0 hunting sling
Missiles
 l - 3 javelins
 n - 209 stones
 r - 19 poisoned darts (quivered)
 A - 5 boomerangs
Armour
 g - a +2 cloak (melded)
 q - a +2 leather armour of cold resistance (melded)
 F - a +0 buckler (melded)
Jewellery
 s - a ring of poison resistance (right front leg)
 y - an uncursed ring of positive energy
 C - an amulet of regeneration (around neck)
 D - a ring of willpower (left front leg)
 E - a +4 ring of protection
Wands
 z - a wand of polymorph (12)
Scrolls
 a - 3 scrolls of teleportation
 b - 5 scrolls of remove curse
 c - a scroll of amnesia
 e - a scroll of fog
 f - a scroll of silence {unknown}
 i - 4 scrolls of immolation
 k - 4 scrolls of magic mapping {unknown}
 o - 2 scrolls of fear
 p - a scroll of blinking
 x - a scroll of random uselessness {unknown}
 G - a scroll of enchant armour {unknown}
Potions
 d - a potion of curing
 h - a potion of cancellation
 j - 2 potions of mutation {unknown}
 t - a potion of degeneration {unknown}
 u - 2 potions of lignification {unknown}
 v - 2 potions of flight {unknown}
 w - a potion of ambrosia {unknown}
 B - a potion of brilliance {unknown}
 H - a potion of might {unknown}


   Skills:
 + Level 6.1 Fighting
 + Level 5.4 Short Blades
 + Level 5.4 Long Blades
 + Level 5.4 Axes
 + Level 5.4 Maces & Flails
 + Level 5.4 Polearms
 + Level 5.4 Staves
 + Level 5.4 Slings
 + Level 5.4 Bows
 + Level 5.4 Crossbows
 + Level 5.4 Throwing
 + Level 5.4 Armour
 + Level 7.2 Dodging
 + Level 5.4 Stealth
 + Level 5.4 Shields
 + Level 8.6 Unarmed Combat
 + Level 7.5 Spellcasting
 + Level 4.5 Conjurations
 + Level 4.5 Hexes
 + Level 4.5 Summonings
 + Level 4.5 Necromancy
 + Level 4.5 Translocations
 + Level 6.0 Transmutations
 + Level 4.5 Fire Magic
 + Level 4.5 Ice Magic
 + Level 4.5 Air Magic
 + Level 4.5 Earth Magic
 + Level 4.5 Poison Magic
 + Level 6.0 Invocations
 + Level 5.4 Evocations


You had 16 spell levels left.
You knew the following spells:

 Your Spells              Type           Power        Failure   Level
a - Beastly Appendage     Tmut           52%          4%          1
b - Spider Form           Tmut/Pois      12%          12%         3
c - Ice Form              Ice/Tmut       24%          30%         4

Your spell library contained the following spells:

 Spells                   Type           Power        Failure   Level
 Wereblood                Tmut           26%          6%          2
 Blade Hands              Tmut           13%          47%         5


Dungeon Overview and Level Annotations

Branches:
Dungeon (10/15)            Temple (1/1) D:6
   Lair: D:8-11         Orc: D:9-12

Altars:
Ashenzari
Cheibriados
Dithmenos
Elyvilon
Fedhas
Gozag
Hepliaklqana
Kikubaaqudgha
Makhleb
Nemelex Xobeh
Okawaru
Qazlal
Ru
Sif Muna
Trog
Uskayaw
Vehumet
Wu Jian
Xom
Yredelemnul
Zin
The Shining One
Lugonu


Innate Abilities, Weirdness & Mutations

Your experience applies equally to all skills.
((You have very sharp teeth.))
Your uncanny sense of smell can sniff out nearby items.


Message History

You are too injured to fight recklessly!
You are too injured to fight recklessly!
You are too injured to fight recklessly!
You are too injured to fight recklessly!
You are too injured to fight recklessly!
You are too injured to fight recklessly!
You are too injured to fight recklessly!
You are too injured to fight recklessly!
You are too injured to fight recklessly!
You closely miss something.
The howler monkey is no longer distracted by gold.
The gnoll is no longer distracted by gold.
The centaur shoots an arrow.
The arrow hits you!
* * * LOW HITPOINT WARNING * * *
The gnoll hits you with a +0 club!
* * * LOW HITPOINT WARNING * * *
The howler monkey barely misses you.
The centaur shoots an arrow.
The arrow hits you!
You die...
Your body crumbles into a pile of gold.

.........# #........
## .##.!..... #.#
.....c...###..##
...............## #
.......h......... ##.
.....gh{g.........
#... #sg...#.!..#
....#########...#....#
........#.###........#
##.................###
..................##
......#............#
............)......#
###...#........##.##
#######..#).## ##


You could see a centaur, 2 howler monkeys and 3 gnolls.

Vanquished Creatures
  A troll (D:9)
  Prince Ribbit (D:7)
  A meliai zombie (D:10)
  A wyvern (D:8)
  A steam dragon (D:9)
  Menkaure (D:6)
  2 ice beasts
  2 black bears (D:6)
  4 orc warriors
  Duvessa (D:6)
  6 phantoms
  7 ogres
  A necrophage (D:9)
  A centaur (D:6)
  4 bullfrogs
  A gnoll sergeant (D:10)
  Dowan (D:6)
  2 scorpions
  3 killer bees (D:8)
  9 wights
  4 howler monkeys
  A bullfrog zombie (D:6)
  7 hounds
  2 jellies
  9 orc priests
  2 iguanas
  4 orc wizards
  4 worker ants
  A hound skeleton (D:6)
  8 gnolls
  11 adders
  3 shadow imps
  3 white imps
  2 ufetubi
  An ooze (D:7)
  An adder skeleton (D:7)
  2 worms
  3 dart slugs
  3 leopard geckos
  29 orcs
  5 giant cockroaches
  6 goblins
  11 hobgoblins
  2 jackals (D:2)
  A quokka (D:4)
  A ball python (D:2)
  8 bats
  8 frilled lizards
  3 kobolds
  7 rats
202 creatures vanquished.

Vanquished Creatures (others)
  3 plants (D:7)
3 creatures vanquished.

Grand Total: 205 creatures vanquished

Notes
Turn   | Place    | Note
-------+----------+-------------------------------------------
     0 | D:1      | Froggeryz the Gnoll Transmuter began the quest for the Orb.
     0 | D:1      | Reached XP level 1. HP: 17/17 MP: 6/6
   372 | D:1      | Reached XP level 2. HP: 23/23 MP: 7/7
  1070 | D:2      | Reached skill level 5 in Spellcasting
  1070 | D:2      | Reached XP level 3. HP: 18/28 MP: 7/9
  1262 | D:2      | Reached skill level 1 in Invocations
  1521 | D:2      | Reached skill level 1 in Short Blades
  1521 | D:2      | Reached skill level 1 in Long Blades
  1521 | D:2      | Reached skill level 1 in Axes
  1521 | D:2      | Reached skill level 1 in Maces & Flails
  1521 | D:2      | Reached skill level 1 in Polearms
  1521 | D:2      | Reached skill level 1 in Staves
  1521 | D:2      | Reached skill level 1 in Slings
  1521 | D:2      | Reached skill level 1 in Bows
  1521 | D:2      | Reached skill level 1 in Crossbows
  1521 | D:2      | Reached skill level 1 in Throwing
  1521 | D:2      | Reached skill level 1 in Armour
  1521 | D:2      | Reached skill level 1 in Stealth
  1521 | D:2      | Reached skill level 1 in Shields
  1521 | D:2      | Reached skill level 1 in Evocations
  1689 | D:2      | Reached XP level 4. HP: 34/34 MP: 11/11
  1748 | D:2      | Found a faded altar of an unknown god.
  2561 | D:3      | Reached skill level 1 in Conjurations
  2561 | D:3      | Reached skill level 1 in Hexes
  2561 | D:3      | Reached skill level 1 in Summonings
  2561 | D:3      | Reached skill level 1 in Necromancy
  2561 | D:3      | Reached skill level 1 in Translocations
  2561 | D:3      | Reached skill level 1 in Fire Magic
  2561 | D:3      | Reached skill level 1 in Ice Magic
  2561 | D:3      | Reached skill level 1 in Air Magic
  2561 | D:3      | Reached skill level 1 in Earth Magic
  2561 | D:3      | Reached skill level 1 in Poison Magic
  2612 | D:3      | Found a sparkling altar of Nemelex Xobeh.
  3163 | D:3      | Reached XP level 5. HP: 40/40 MP: 12/12
  3784 | D:4      | Reached XP level 6. HP: 47/47 MP: 13/13
  3905 | D:4      | Learned a level 3 spell: Spider Form
  4049 | D:4      | Found a radiant altar of Vehumet.
  4203 | D:4      | Reached skill level 5 in Dodging
  4794 | D:4      | Found a white marble altar of Elyvilon.
  4840 | D:5      | Entered Level 5 of the Dungeon
  5376 | D:5      | Reached XP level 7. HP: 52/52 MP: 15/15
  5382 | D:5      | Reached skill level 7 in Unarmed Combat
  5830 | D:5      | Found a glowing golden altar of the Shining One.
  5865 | D:6      | Learned a level 4 spell: Ice Form
  6143 | D:6      | Found a staircase to the Ecumenical Temple.
  6158 | D:6      | Reached XP level 8. HP: 46/60 MP: 12/16
  6345 | Temple   | Entered the Ecumenical Temple
  6751 | D:6      | Noticed Duvessa
  6752 | D:6      | Noticed Dowan
  6773 | D:6      | Killed Duvessa
  7055 | D:6      | Noticed Menkaure
  7090 | D:6      | Killed Menkaure
  7491 | D:6      | Reached skill level 5 in Transmutations
  7491 | D:6      | Reached XP level 9. HP: 66/66 MP: 18/18
  7948 | D:6      | Killed Dowan
  8327 | D:7      | Noticed Prince Ribbit
  8735 | D:7      | Reached skill level 5 in Fighting
  9113 | D:7      | Killed Prince Ribbit
  9114 | D:7      | Reached skill level 8 in Unarmed Combat
  9207 | D:7      | Reached skill level 5 in Invocations
  9480 | D:7      | Found a snail-covered altar of Cheibriados.
  9480 | D:7      | You fall into a shaft and drop 1 floor!
 10119 | D:8      | Found a shimmering altar of Xom.
 10121 | D:8      | Found a sacrificial altar of Ru.
 10124 | D:8      | Found a burning altar of Makhleb.
 10125 | D:8      | Found an ancient bone altar of Kikubaaqudgha.
 10125 | D:8      | Found a shimmering blue altar of Sif Muna.
 10125 | D:8      | Found a hazy altar of Hepliaklqana.
 10125 | D:8      | Found a stormy altar of Qazlal.
 10129 | D:8      | Found an iron altar of Okawaru.
 10130 | D:8      | Found an opulent altar of Gozag.
 10135 | D:8      | Became a worshipper of Gozag Ym Sagoz the Greedy
 10167 | D:8      | Reached XP level 10. HP: 61/74 MP: 16/20
 10424 | D:8      | Found a shimmering blue altar of Sif Muna.
 10777 | D:8      | Reached skill level 5 in Short Blades
 10777 | D:8      | Reached skill level 5 in Long Blades
 10777 | D:8      | Reached skill level 5 in Axes
 10777 | D:8      | Reached skill level 5 in Maces & Flails
 10777 | D:8      | Reached skill level 5 in Polearms
 10777 | D:8      | Reached skill level 5 in Staves
 10777 | D:8      | Reached skill level 5 in Slings
 10777 | D:8      | Reached skill level 5 in Bows
 10777 | D:8      | Reached skill level 5 in Crossbows
 10777 | D:8      | Reached skill level 5 in Throwing
 10777 | D:8      | Reached skill level 5 in Armour
 10777 | D:8      | Reached skill level 5 in Stealth
 10777 | D:8      | Reached skill level 5 in Shields
 10777 | D:8      | Reached skill level 5 in Evocations
 11355 | D:9      | Found a shadowy altar of Dithmenos.
 11424 | D:9      | Noticed a cyclops
 12007 | D:10     | Entered Level 10 of the Dungeon
 12088 | D:10     | Shot with an arrow by a centaur

Illustrated notes

Levels and vault maps discovered:
D:1:      lightli_arrival_quake, layout_loops_ring, minmay_statues_item
D:2:      layout_basic, chequers_ecumenical_altar_simple, minmay_tetromino_s2
D:3:      layout_loops_corners, nemelex_xobeh_ov_fountains_minmay, serial_glass,
          glass_columns_c, glass_columns_a, serial_bayou_lagoon_b
D:4:      layout_layer_cave, old_standard_altar, nicolae_overflow_crystal_walls
D:5:      layout_layer_cave, lemuel_round_altar
D:6:      layout_cave_pods, minmay_temple_entry_arrows, amethyst_killhole,
          uniq_duvessa, uniq_menkaure
D:7:      layout_cave_pools, slow_altar_2, serial_bayou_pond_b,
          minmay_chambers_of_fives, uniq_prince_ribbit1
D:8:      layout_loops_corners, minitemple, grunt_ministairs_4,
          lemuel_blue_sif_altar
D:9:      layout_cross, nicolae_dithmenos_the_darkroom,
          onia_ninara_dug_in_and_dangerous
D:10:     layout_cave_pools, lair_entry_dummy, sword_in_stone, uniq_nergalle
Temple:   corrupted_temple

Skill      XL: |  1  2  3  4  5  6  7  8  9 10 |
---------------+-------------------------------+-----
Spellcasting   | 5 6 7 |  7.5
Invocations    | 1 2 3 4 5 6 |  6.0
Short Blades   | 1 2 3 4 5 |  5.4
Long Blades    | 1 2 3 4 5 |  5.4
Axes           | 1 2 3 4 5 |  5.4
Maces & Flails | 1 2 3 4 5 |  5.4
Polearms       | 1 2 3 4 5 |  5.4
Staves         | 1 2 3 4 5 |  5.4
Slings         | 1 2 3 4 5 |  5.4
Bows           | 1 2 3 4 5 |  5.4
Crossbows      | 1 2 3 4 5 |  5.4
Throwing       | 1 2 3 4 5 |  5.4
Armour         | 1 2 3 4 5 |  5.4
Stealth        | 1 2 3 4 5 |  5.4
Shields        | 1 2 3 4 5 |  5.4
Evocations     | 1 2 3 4 5 |  5.4
Conjurations   | 1 2 3 4 |  4.5
Hexes          | 1 2 3 4 |  4.5
Summonings     | 1 2 3 4 |  4.5
Necromancy     | 1 2 3 4 |  4.5
Translocations | 1 2 3 4 |  4.5
Fire Magic     | 1 2 3 4 |  4.5
Ice Magic      | 1 2 3 4 |  4.5
Air Magic      | 1 2 3 4 |  4.5
Earth Magic    | 1 2 3 4 |  4.5
Poison Magic   | 1 2 3 4 |  4.5
Fighting       | 3 4 5 6 |  6.1
Transmutations | 4 5 6 |  6.0
Dodging        | 5 6 7 |  7.2
Unarmed Combat | 7 8 |  8.6

Action                   |  1- 3 |  4- 6 |  7- 9 | 10-12 || total
-------------------------+-------+-------+-------+-------++-------
Melee: Unarmed           |    84 |   158 |   397 |   192 ||   831
       Kick              |     3 |    18 |    14 |       ||    35
       Bite              |     9 |    12 |    25 |    12 ||    58
       Headbutt          |     1 |     8 |     8 |       ||    17
       Punch             |     4 |     3 |     5 |     3 ||    15
Throw: Dart              |       |     2 |       |       ||     2
 Cast: Beastly Appendage |     3 |     4 |     3 |       ||    10
       Spider Form       |       |     2 |    20 |     6 ||    28
       Ice Form          |       |       |     1 |     2 ||     3
  Use: Potion            |       |       |     4 |       ||     4
       Scroll            |       |       |     8 |     1 ||     9
 Stab: Sleeping          |     3 |     5 |     8 |     6 ||    22
Armor: Robe              |    17 |    14 |       |       ||    31
       Leather armour    |       |    22 |    51 |    16 ||    89
       Skin              |       |     1 |     6 |     5 ||    12
Dodge: Dodged            |    49 |    85 |   350 |   194 ||   678
Block: Buckler           |       |       |       |    33 ||    33
